AoeStats
← VIT Liereyy

Arabian Desert

509879597Analyzed
1v1 RM · 3d ago on Sep 28, 2026· 34m 14s· 2 players
Game mode
Random Map
Map size
Tiny (2 player)
Population
200
Speed
Normal
Resources
Standard
Victory
Conquest
Starting age
Dark Age
Ending age
Imperial Age
RankedLock teamsTeams togetherTeam positionsShared explorationLock speedFull tech treeHidden civsTurbo modeCheats
Victory
Defeat
🇦🇹 Tupi · Austria
2959
+6
2711
-6
VIT Liereyy
6:38 Loom
8:49 Feudal Age
9:03 Champi Runner
10:46 Double-Bit Axe
12:51 Fletching
15:14 Padded Archer Armor
22:16 Castle Age
20:53 Scale Mail Armor
20:57 Horse Collar
22:17 Champi Warrior
23:54 Chain Mail Armor
24:38 Squires
27:34 Bow Saw
28:36 Bodkin Arrow
31:10 Ballistics
31:39 Wheelbarrow
31:33 Gold Mining
31:44 Heavy Plow
32:47 Forging
Thành Cổ Quảng Trị
6:28 Loom
8:47 Feudal Age
8:53 Man-at-Arms
10:48 Double-Bit Axe
16:20 Fletching
21:56 Castle Age
19:43 Horse Collar
22:05 Gold Mining
22:34 Bodkin Arrow
22:09 Elite Skirmisher
23:51 Long Swordsman
24:54 Scale Mail Armor
29:20 Squires
31:59 Padded Archer Armor
Connection lost

Rejoining the realm…

Still unreachable

The connection could not be restored.

Session expired

The server has moved on; the page needs a fresh start.